Canadiens vs Devils (R1)

Created - February 15, 2019 at 20:11

Goals
1 2 3 T
Canadiens 3 3 0 6
Devils 1 0 2 3
Shots
1 2 3 T
Canadiens 12 9 15 36
Devils 11 3 15 29

1st period

1. Canadiens , Luke Schenn 3 (Alexander Frolov 29) at 2:07 (PP)
2. Devils , Sidney Crosby 26 (Jordan Eberle 21, Jaden Schwartz 13) at 11:47
3. Canadiens , Alexander Frolov 17 (Luke Schenn 30, Jonathan Toews 29) at 12:05
4. Canadiens , Jonathan Toews 14 (Alexander Frolov 30, Luke Schenn 31) at 13:46

Penalties :
Jaden Schwartz (NJD) for Hooking (Minor) at 1:36, Tyler Cuma (NJD) for Roughing (Minor) at 6:10, Jaden Schwartz (NJD) for Hooking (Minor) at 18:21

2nd period

5. Canadiens , Greg Stewart 23 (Jonathan Toews 30) at 0:22
6. Canadiens , Scott Hartnell 15 (Dustin Boyd 17, Vitaly Vishnevsky 17) at 2:12
7. Canadiens , Frans Nielsen 24 (Luke Schenn 32, David Jones 11) at 14:59

Penalties :
Jaden Schwartz (NJD) for High sticking (Minor) at 2:15, Steve Downie (Mon) for Roughing (Minor) at 10:35, Scott Gomez (NJD) for Holding (Minor) at 17:03

3rd period

8. Devils , Sidney Crosby 27 (Jordan Eberle 22, Dmitry Kulikov 14) at 4:59
9. Devils , Sidney Crosby 28 (Viktor Arvidsson 16, Kevin Shattenkirk 44) at 14:12 (PP)

Penalties :
Shayne Gostisbehere (NJD) for Fighting (Major) at 3:36, Jonathan Toews (Mon) for Fighting (Major) at 3:36, Frans Nielsen (Mon) for Tripping (Minor) at 5:04, Colton Parayko (NJD) for Roughing (Minor) at 7:21, Alexander Frolov (Mon) for Tripping (Minor) at 13:37

Goalie Stats

Henrik Lundqvist (Mon), 26 saves from 29 shots - (0.897), W, 21-17-5, 60:00 minutes
Ryan Miller (NJD), 10 saves from 14 shots - (0.714), L, 19-18-3, 20:22 minutes
Keith Kinkaid (NJD), 20 saves from 22 shots - (0.909), 39:38 minutes

Players Stats for Canadiens

Player Name              G  A  P  +/- PIM S  H  SB GA TA FO     MP     PP MP  PK MP  
------------------------------------------------------------------------------------
Adam Pardy               0  0  0   0  0   2  1  2  0  0  0/0    14:25   1:36   1:29 
Alexander Frolov         1  2  3   1  2   6  2  0  1  0  0/0    23:15   4:34   2:13 
Brett Maclean            0  0  0   0  0   0  0  0  0  0  0/0     0:17   0:00   0:00 
David Jones              0  1  1   0  0   1  0  0  0  0  0/1    14:21   0:20   0:52 
Dustin Boyd              0  1  1   0  0   2  1  0  0  0  8/12   16:30   0:34   3:11 
Enver Lisin              0  0  0   0  0   0  1  1  0  0  0/0     5:34   0:00   0:00 
Evgeny Dadonov           0  0  0   1  0   0  1  0  0  0  2/2    15:33   4:34   0:00 
Frans Nielsen            1  0  1   0  2   3  2  0  1  1  3/13   17:33   4:54   0:24 
Greg Stewart             1  0  1   2  0   5  0  0  0  0  1/2    21:16   5:49   1:28 
Jonathan Toews           1  2  3   3  5   7  2  2  0  0  14/31  20:06   4:58   0:30 
Luke Schenn              1  3  4   3  0   6  3  1  1  0  0/0    30:11   5:50   3:04 
Marcel Goc               0  0  0   0  0   0  0  0  0  0  0/0     6:20   0:00   0:28 
Mark Stuart              0  0  0   0  0   0  2  1  0  1  0/0    21:18   4:36   1:29 
Raphael Diaz             0  0  0   3  0   0  2  2  1  0  0/0    26:09   5:50   0:00 
Scott Hartnell           1  0  1   0  0   3  2  1  0  0  0/0    13:43   0:03   0:00 
Shaone Morrisonn         0  0  0   0  0   0  1  1  0  0  0/0    16:23   0:00   3:04 
Steve Downie             0  0  0   2  2   1  0  0  0  0  3/5    20:55   5:32   0:00 
Vitaly Vishnevsky        0  1  1   0  0   0  3  1  0  0  0/0    11:34   3:00   0:00 

Players Stats for Devils

Player Name              G  A  P  +/- PIM S  H  SB GA TA FO     MP     PP MP  PK MP  
------------------------------------------------------------------------------------
Alexander Perezhogin     0  0  0   0  0   0  0  0  0  0  0/1     6:37   0:00   0:00 
Anthony Stewart          0  0  0  -1  0   1  2  0  0  0  0/1    12:26   0:00   2:14 
Brandon Bollig           0  0  0   0  0   1  1  0  0  0  0/0     6:37   0:00   0:00 
Colton Parayko           0  0  0  -1  2   0  1  1  0  0  0/0    12:14   1:22   0:00 
Dmitry Kulikov           0  1  1  -1  0   3  0  2  0  1  0/0    21:32   3:03   5:50 
Jaden Schwartz           0  1  1  -1  6   0  0  0  0  0  0/0    17:18   1:59   0:00 
Johnny Gaudreau          0  0  0  -1  0   1  0  0  1  0  1/1    18:14   2:34   1:57 
Jordan Eberle            0  2  2  -1  0   5  0  0  0  1  0/0    23:34   2:34   5:36 
Kellan Lain              0  0  0  -1  0   3  0  0  1  0  0/0    12:12   0:00   2:53 
Kevin Shattenkirk        0  1  1   0  0   2  0  0  0  1  0/0    25:48   2:30   4:36 
Matt Duchene             0  0  0  -1  0   1  4  0  0  0  11/19  16:16   2:34   0:51 
Scott Gomez              0  0  0  -2  2   1  1  0  0  0  3/13   13:51   0:00   4:31 
Shayne Gostisbehere      0  0  0   0  5   2  2  2  0  0  0/0    20:35   0:41   1:55 
Sidney Crosby            3  0  3   0  0   7  2  0  0  0  18/29  20:08   1:59   2:50 
Travis Hamonic           0  0  0  -3  0   0  1  0  0  0  0/0    19:42   0:00   5:23 
Tyler Bozak              0  0  0   0  0   0  1  0  0  0  2/2     6:37   0:00   0:00 
Tyler Cuma               0  0  0  -1  2   1  0  2  0  1  0/0    21:00   1:30   3:10 
Viktor Arvidsson         0  1  1  -1  0   1  0  0  0  0  0/0    14:48   1:59   0:00 

3 Stars

1 - Luke Schenn (Mon)
2 - Sidney Crosby (NJD)
3 - Alexander Frolov (Mon)

Power Play

Canadiens - 1 on 6 Attempt(s) - 16.67%
Devils - 1 on 3 Attempt(s) - 33.33%

Penalty Kill

Canadiens - 2 on 3 Attempt(s) - 66.67% - Score 0 goal in Penalty Kill
Devils - 5 on 6 Attempt(s) - 83.33% - Score 0 goal in Penalty Kill

Team Stat

Canadiens - Hits : 23 - Faceoff Wins : 31 - Blocked Shots : 12 - Penalty Minutes : 11
Devils - Hits : 15 - Faceoff Wins : 35 - Blocked Shots : 7 - Penalty Minutes : 17

Official

Referees : Unknown
Linesman : Unknown

Game Notes

Keith Kinkaid enters game at 0:22 of 2nd period
Vitaly Vishnevsky is injured at 13:08 of 2nd period (Strained Left Knee)
Shayne Gostisbehere and Jonathan Toews fight to a draw at 3:36 of 3rd period
Sidney Crosby has scored a Hat Trick!

Finance

Level 1 -- Attendance: 6000 (100.00%) -- Ticket Income $540,000
Level 2 -- Attendance: 4986 (99.72%) -- Ticket Income $284,202
Level 3 -- Attendance: 2000 (100.00%) -- Ticket Income $66,000
Level 4 -- Attendance: 3639 (90.98%) -- Ticket Income $90,975
Luxury Box -- Attendance: 950 (95.00%) -- Ticket Income $147,250
Game was played at the The prudential Center.
Total Attendance: 17575 (97.64%)
Total Ticket Income: $1,128,427
Other Income: $169,264
Total Income: $1,297,691

Canadiens

5 vs 5 Forward 
   Center                   Left Wing                Right Wing               Time % Phy DF OF 
 1 Jonathan Toews           Alexander Frolov         Steve Downie             40     0   1  4  
 2 Frans Nielsen            Greg Stewart             Evgeny Dadonov           30     0   1  4  
 3 Dustin Boyd              Scott Hartnell           David Jones              20     0   2  3  
 4 Marcel Goc               Greg Stewart             Enver Lisin              10     0   3  2  

5 vs 5 Defense 
   Defense                  Defense                                           Time % Phy DF OF 
 1 Luke Schenn              Raphael Diaz                                      40     0   2  3  
 2 Vitaly Vishnevsky        Mark Stuart                                       30     0   2  3  
 3 Adam Pardy               Shaone Morrisonn                                  20     0   3  2  
 4 Luke Schenn              Raphael Diaz                                      10     0   3  2  

PowerPlay Forward 
   Center                   Left Wing                Right Wing               Time % Phy DF OF 
 1 Jonathan Toews           Greg Stewart             Steve Downie             60     0   0  5  
 2 Frans Nielsen            Alexander Frolov         Evgeny Dadonov           40     0   0  5  

PowerPlay Defense
   Defense                  Defense                                           Time % Phy DF OF 
 1 Raphael Diaz             Luke Schenn                                       60     0   1  4  
 2 Vitaly Vishnevsky        Mark Stuart                                       40     0   1  4  

Penalty Kill 4 Players Forward 
   Center                   Wing                     Time % Phy DF OF 
 1 Dustin Boyd              Alexander Frolov         60     0   5  0  
 2 Frans Nielsen            David Jones              40     0   5  0  

Penalty Kill 4 Players Defense
   Defense                  Defense                  Time % Phy DF OF 
 1 Shaone Morrisonn         Luke Schenn              60     1   4  0  
 2 Adam Pardy               Mark Stuart              40     1   4  0  

Penalty Kill - 3 Players Forward 
   Forward                                           Time % Phy DF OF 
 1 Dustin Boyd                                       60     0   5  0  
 2 Marcel Goc                                        40     0   5  0  

Penalty Kill - 3 Players Defense
   Defense                  Defense                  Time % Phy DF OF 
 1 Shaone Morrisonn         Luke Schenn              60     0   5  0  
 2 Mark Stuart              Adam Pardy               40     0   5  0  

4 vs 4 Forward 
   Center                   Wing                     Time % Phy DF OF 
 1 Jonathan Toews           Greg Stewart             60     0   2  3  
 2 Frans Nielsen            Alexander Frolov         40     0   2  3  

4 vs 4 Defense
   Defense                  Defense                  Time % Phy DF OF 
 1 Vitaly Vishnevsky        Mark Stuart              60     0   2  3  
 2 Luke Schenn              Raphael Diaz             40     0   2  3  

Last Minutes Offensive
   Center                   Left Wing                Right Wing               Defense                  Defense                  
   Jonathan Toews           Greg Stewart             Steve Downie             Luke Schenn              Raphael Diaz             

Last Minutes Defensive
   Center                   Left Wing                Right Wing               Defense                  Defense                  
   Frans Nielsen            Alexander Frolov         David Jones              Shaone Morrisonn         Luke Schenn              

Goaltenders
Starting : Henrik Lundqvist         
Backup : Allen York               

Extra Forwards
Normal : Jonathan Toews, Frans Nielsen, Greg Stewart - PP : Jonathan Toews, Frans Nielsen - PK : Alexander Frolov
Extra Defensemen
Normal : Luke Schenn, Raphael Diaz, Shaone Morrisonn - PP : Luke Schenn - PK : Mark Stuart, Luke Schenn
Penalty Shots
Jonathan Toews, Frans Nielsen, Greg Stewart, Alexander Frolov, Steve Downie

Scratches
Brock Nelson (Healthy), Dustin Kohn (Healthy), Wes O'Neill (Healthy)

Devils

5 vs 5 Forward 
   Center                   Left Wing                Right Wing               Time % Phy DF OF 
 1 Sidney Crosby            Jaden Schwartz           Jordan Eberle            40     0   2  3  
 2 Matt Duchene             Johnny Gaudreau          Viktor Arvidsson         30     0   2  3  
 3 Scott Gomez              Kellan Lain              Anthony Stewart          20     0   2  3  
 4 Tyler Bozak              Brandon Bollig           Alexander Perezhogin     10     0   2  3  

5 vs 5 Defense 
   Defense                  Defense                                           Time % Phy DF OF 
 1 Kevin Shattenkirk        Shayne Gostisbehere                               40     0   2  3  
 2 Tyler Cuma               Travis Hamonic                                    30     0   2  3  
 3 Colton Parayko           Dmitry Kulikov                                    20     0   2  3  
 4 Tyler Cuma               Dmitry Kulikov                                    10     0   2  3  

PowerPlay Forward 
   Center                   Left Wing                Right Wing               Time % Phy DF OF 
 1 Matt Duchene             Johnny Gaudreau          Jordan Eberle            60     0   2  3  
 2 Sidney Crosby            Jaden Schwartz           Viktor Arvidsson         40     0   2  3  

PowerPlay Defense
   Defense                  Defense                                           Time % Phy DF OF 
 1 Dmitry Kulikov           Kevin Shattenkirk                                 60     1   2  2  
 2 Shayne Gostisbehere      Tyler Cuma                                        40     1   2  2  

Penalty Kill 4 Players Forward 
   Center                   Wing                     Time % Phy DF OF 
 1 Scott Gomez              Jordan Eberle            60     0   3  2  
 2 Sidney Crosby            Kellan Lain              40     0   3  2  

Penalty Kill 4 Players Defense
   Defense                  Defense                  Time % Phy DF OF 
 1 Dmitry Kulikov           Travis Hamonic           60     1   2  2  
 2 Kevin Shattenkirk        Tyler Cuma               40     1   2  2  

Penalty Kill - 3 Players Forward 
   Forward                                           Time % Phy DF OF 
 1 Matt Duchene                                      60     1   2  2  
 2 Scott Gomez                                       40     1   2  2  

Penalty Kill - 3 Players Defense
   Defense                  Defense                  Time % Phy DF OF 
 1 Tyler Cuma               Kevin Shattenkirk        60     1   2  2  
 2 Dmitry Kulikov           Shayne Gostisbehere      40     1   2  2  

4 vs 4 Forward 
   Center                   Wing                     Time % Phy DF OF 
 1 Sidney Crosby            Jordan Eberle            60     0   2  3  
 2 Matt Duchene             Johnny Gaudreau          40     0   2  3  

4 vs 4 Defense
   Defense                  Defense                  Time % Phy DF OF 
 1 Kevin Shattenkirk        Travis Hamonic           60     1   2  2  
 2 Tyler Cuma               Dmitry Kulikov           40     1   2  2  

Last Minutes Offensive
   Center                   Left Wing                Right Wing               Defense                  Defense                  
   Sidney Crosby            Johnny Gaudreau          Jordan Eberle            Tyler Cuma               Kevin Shattenkirk        

Last Minutes Defensive
   Center                   Left Wing                Right Wing               Defense                  Defense                  
   Matt Duchene             Jaden Schwartz           Jordan Eberle            Kevin Shattenkirk        Travis Hamonic           

Goaltenders
Starting : Ryan Miller              
Backup : Keith Kinkaid            

Extra Forwards
Normal : Scott Gomez, Jaden Schwartz, Anthony Stewart - PP : Scott Gomez, Johnny Gaudreau - PK : Anthony Stewart
Extra Defensemen
Normal : Colton Parayko, Shayne Gostisbehere, Tyler Cuma - PP : Colton Parayko - PK : Shayne Gostisbehere, Tyler Cuma
Penalty Shots
Viktor Arvidsson, Sidney Crosby, Jordan Eberle, Matt Duchene, Jaden Schwartz

Scratches
None


% Time on Ice - Canadiens

Lines # - Real PCT - Wanted PCT - Time Play
Normal Forward
1 - 34% - 40% - 15:20
2 - 25% - 30% - 11:22
3 - 28% - 20% - 12:45
4 - 12% - 10% - 5:34
Normal Defense
1 - 43% - 40% - 19:20
2 - 34% - 30% - 15:13
3 - 21% - 20% - 9:15
4 - 3% - 10% - 1:13
PP Forward
1 - 56% - 60% - 5:52
2 - 44% - 40% - 4:34
PP Defense
1 - 56% - 60% - 5:50
2 - 44% - 40% - 4:36
PK Forward
1 - 81% - 60% - 3:41
2 - 19% - 40% - 0:52
PK Defense
1 - 67% - 60% - 3:04
2 - 33% - 40% - 1:29
PK3 Forward
1 - 0% - 60%
2 - 0% - 40%
PK3 Defense
1 - 0% - 60%
2 - 0% - 40%
44 Forward
1 - 0% - 60%
2 - 0% - 40%
44 Defense
1 - 0% - 60%
2 - 0% - 40%
Last Minute Offensive  - 0:00
Last Minute Defensive  - 0:00
Total
Forward - 60:00
Defense - 60:00

% Time on Ice - Devils

Lines # - Real PCT - Wanted PCT - Time Play
Normal Forward
1 - 36% - 40% - 16:16
2 - 28% - 30% - 12:49
3 - 21% - 20% - 9:19
4 - 15% - 10% - 6:37
Normal Defense
1 - 44% - 40% - 19:45
2 - 30% - 30% - 13:36
3 - 21% - 20% - 9:37
4 - 5% - 10% - 2:03
PP Forward
1 - 56% - 60% - 2:34
2 - 44% - 40% - 1:59
PP Defense
1 - 67% - 60% - 3:03
2 - 33% - 40% - 1:30
PK Forward
1 - 75% - 60% - 7:49
2 - 25% - 40% - 2:37
PK Defense
1 - 56% - 60% - 5:50
2 - 44% - 40% - 4:36
PK3 Forward
1 - 0% - 60%
2 - 0% - 40%
PK3 Defense
1 - 0% - 60%
2 - 0% - 40%
44 Forward
1 - 0% - 60%
2 - 0% - 40%
44 Defense
1 - 0% - 60%
2 - 0% - 40%
Last Minute Offensive  - 0:00
Last Minute Defensive  - 0:00
Total
Forward - 60:00
Defense - 60:00

Play-by-Play

1st period


0:01 of 1st period - Jonathan Toews wins face-off versus Sidney Crosby in neutral zone.
0:03 of 1st period - Off-side.
0:04 of 1st period - Jonathan Toews wins face-off versus Sidney Crosby in neutral zone.
0:07 of 1st period - Wrist shot by Jonathan Toews.
0:07 of 1st period - Stopped by Ryan Miller without a rebound.
0:08 of 1st period - Steve Downie wins face-off versus Sidney Crosby in Devils zone.
0:21 of 1st period - Wrist shot by Sidney Crosby.
0:21 of 1st period - Shot Blocked by Jonathan Toews.
0:23 of 1st period - Snap shot by Sidney Crosby.
0:23 of 1st period - Shot Misses the Net.
0:25 of 1st period - Slapshot by Jordan Eberle.
0:25 of 1st period - Shot Misses the Net.
0:27 of 1st period - Snap shot by Sidney Crosby.
0:27 of 1st period - Stopped by Henrik Lundqvist without a rebound.
0:28 of 1st period - Matt Duchene wins face-off versus Frans Nielsen in Canadiens zone.
0:56 of 1st period - Snap shot by Scott Gomez.
0:56 of 1st period - Stopped by Henrik Lundqvist without a rebound.
0:57 of 1st period - Dustin Boyd wins face-off versus Scott Gomez in Canadiens zone.
0:57 of 1st period - Dustin Boyd is hit by Scott Gomez.
1:05 of 1st period - Wrist shot by David Jones.
1:05 of 1st period - Shot Misses the Net.
1:07 of 1st period - Slapshot by Adam Pardy.
1:07 of 1st period - Deflect By Dmitry Kulikov.
1:07 of 1st period - Stopped by Ryan Miller with a rebound.
1:09 of 1st period - Slapshot by Adam Pardy.
1:09 of 1st period - Deflect By Dmitry Kulikov.
1:09 of 1st period - Stopped by Ryan Miller with a rebound.
1:33 of 1st period - Slapshot by Luke Schenn.
1:33 of 1st period - Stopped by Ryan Miller without a rebound.
1:34 of 1st period - Sidney Crosby wins face-off versus Jonathan Toews in Devils zone.
1:36 of 1st period - Minor Penalty to Jaden Schwartz for Hooking.
1:37 of 1st period - Jonathan Toews wins face-off versus Scott Gomez in Devils zone.
2:07 of 1st period - Slapshot by Luke Schenn.
2:07 of 1st period - Goal by Luke Schenn - Canadiens : 1 - Devils : 0.
2:08 of 1st period - Sidney Crosby wins face-off versus Jonathan Toews in neutral zone.
3:00 of 1st period - Slapshot by David Jones.
3:00 of 1st period - Deflect By Dustin Boyd.
3:00 of 1st period - Shot Misses the Net.
3:00 of 1st period - Puck is out of play.
3:01 of 1st period - Dustin Boyd wins face-off versus Sidney Crosby in Devils zone.
3:04 of 1st period - Wrist shot by Scott Hartnell.
3:04 of 1st period - Shot Blocked by Dmitry Kulikov.
3:14 of 1st period - Wrist shot by Jordan Eberle.
3:14 of 1st period - Stopped by Henrik Lundqvist without a rebound.
3:15 of 1st period - Matt Duchene wins face-off versus Jonathan Toews in Canadiens zone.
3:33 of 1st period - Icing by Alexander Frolov.
3:34 of 1st period - Jonathan Toews wins face-off versus Sidney Crosby in Canadiens zone.
3:39 of 1st period - Jordan Eberle is hit by Jonathan Toews and loses puck.
4:26 of 1st period - Wrist shot by Jonathan Toews.
4:26 of 1st period - Stopped by Ryan Miller with a rebound.
4:28 of 1st period - Snap shot by Jonathan Toews.
4:28 of 1st period - Stopped by Ryan Miller without a rebound.
4:29 of 1st period - Matt Duchene wins face-off versus Greg Stewart in Devils zone.
5:21 of 1st period - Luke Schenn is hit by Colton Parayko and loses puck.
5:40 of 1st period - Snap shot by Johnny Gaudreau.
5:40 of 1st period - Shot Blocked by Scott Hartnell.
6:10 of 1st period - Minor Penalty to Tyler Cuma for Roughing.
6:11 of 1st period - Frans Nielsen wins face-off versus Scott Gomez in Devils zone.
7:08 of 1st period - Steve Downie is hit by Sidney Crosby and loses puck.
7:31 of 1st period - Scott Gomez is hit by Jonathan Toews and loses puck.
8:10 of 1st period - Penalty to Tyler Cuma is over, Tyler Cuma is back on ice.
8:27 of 1st period - Wrist shot by Johnny Gaudreau.
8:27 of 1st period - Stopped by Henrik Lundqvist with a rebound.
8:45 of 1st period - Wrist shot by Tyler Cuma.
8:45 of 1st period - Shot Misses the Net.
9:13 of 1st period - Off-side.
9:14 of 1st period - Dustin Boyd wins face-off versus Sidney Crosby in neutral zone.
9:45 of 1st period - Snap shot by Greg Stewart.
9:45 of 1st period - Stopped by Ryan Miller with a rebound.
9:47 of 1st period - Wrist shot by Greg Stewart.
9:47 of 1st period - Stopped by Ryan Miller without a rebound.
9:48 of 1st period - Tyler Bozak wins face-off versus Frans Nielsen in Devils zone.
9:59 of 1st period - Icing by Mark Stuart.
10:00 of 1st period - Sidney Crosby wins face-off versus Frans Nielsen in Canadiens zone.
10:01 of 1st period - Snap shot by Jordan Eberle.
10:01 of 1st period - Stopped by Henrik Lundqvist without a rebound.
10:02 of 1st period - Sidney Crosby wins face-off versus Jonathan Toews in Canadiens zone.
10:05 of 1st period - Snap shot by Jordan Eberle.
10:05 of 1st period - Stopped by Henrik Lundqvist without a rebound.
10:06 of 1st period - Sidney Crosby wins face-off versus Jonathan Toews in Canadiens zone.
10:07 of 1st period - Wrist shot by Jordan Eberle.
10:07 of 1st period - Shot Misses the Net.
10:40 of 1st period - Slapshot by Frans Nielsen.
10:40 of 1st period - Shot Misses the Net.
10:42 of 1st period - Snap shot by Frans Nielsen.
10:42 of 1st period - Shot Misses the Net.
11:02 of 1st period - Slapshot by David Jones.
11:02 of 1st period - Shot Misses the Net.
11:10 of 1st period - Mark Stuart is hit by Sidney Crosby and loses puck.
11:21 of 1st period - Snap shot by Sidney Crosby.
11:21 of 1st period - Stopped by Henrik Lundqvist with a rebound.
11:23 of 1st period - Slapshot by Shayne Gostisbehere.
11:23 of 1st period - Stopped by Henrik Lundqvist with a rebound.
11:47 of 1st period - Backhand shot by Sidney Crosby.
11:47 of 1st period - Goal by Sidney Crosby - Canadiens : 1 - Devils : 1.
11:48 of 1st period - Matt Duchene wins face-off versus Steve Downie in neutral zone.
12:03 of 1st period - Snap shot by Luke Schenn.
12:03 of 1st period - Shot Blocked by Tyler Cuma.
12:05 of 1st period - Slapshot by Alexander Frolov.
12:05 of 1st period - Goal by Alexander Frolov - Canadiens : 2 - Devils : 1.
12:06 of 1st period - Jonathan Toews wins face-off versus Matt Duchene in neutral zone.
12:17 of 1st period - Slapshot by Jonathan Toews.
12:17 of 1st period - Shot Misses the Net.
12:40 of 1st period - Wrist shot by Kellan Lain.
12:40 of 1st period - Shot Blocked by Raphael Diaz.
12:42 of 1st period - Slapshot by Kellan Lain.
12:42 of 1st period - Stopped by Henrik Lundqvist with a rebound.
13:28 of 1st period - Snap shot by Anthony Stewart.
13:28 of 1st period - Shot Misses the Net.
13:30 of 1st period - Slapshot by Shayne Gostisbehere.
13:30 of 1st period - Shot Misses the Net.
13:32 of 1st period - Slapshot by Kevin Shattenkirk.
13:32 of 1st period - Shot Misses the Net.
13:34 of 1st period - Backhand shot by Shayne Gostisbehere.
13:34 of 1st period - Stopped by Henrik Lundqvist with a rebound.
13:46 of 1st period - Snap shot by Jonathan Toews.
13:46 of 1st period - Goal by Jonathan Toews - Canadiens : 3 - Devils : 1.
13:47 of 1st period - Matt Duchene wins face-off versus Jonathan Toews in neutral zone.
14:14 of 1st period - Anthony Stewart is hit by Frans Nielsen and loses puck.
14:39 of 1st period - Scott Hartnell is hit by Shayne Gostisbehere and loses puck.
15:37 of 1st period - Wrist shot by Jaden Schwartz.
15:37 of 1st period - Deflect By Sidney Crosby.
15:37 of 1st period - Shot Misses the Net.
15:37 of 1st period - Puck is out of play.
15:38 of 1st period - Evgeny Dadonov wins face-off versus Sidney Crosby in Canadiens zone.
16:05 of 1st period - Snap shot by Jaden Schwartz.
16:05 of 1st period - Shot Blocked by Luke Schenn.
16:19 of 1st period - Shayne Gostisbehere is hit by Dustin Boyd and loses puck.
16:53 of 1st period - Slapshot by Travis Hamonic.
16:53 of 1st period - Shot Blocked by Jonathan Toews.
17:25 of 1st period - Slapshot by David Jones.
17:25 of 1st period - Stopped by Ryan Miller without a rebound.
17:26 of 1st period - Scott Gomez wins face-off versus Frans Nielsen in Devils zone.
17:26 of 1st period - Scott Gomez is hit by Frans Nielsen.
17:52 of 1st period - Tyler Cuma is hit by Raphael Diaz and loses puck.
18:21 of 1st period - Minor Penalty to Jaden Schwartz for Hooking.
18:22 of 1st period - Jonathan Toews wins face-off versus Scott Gomez in Devils zone.
Goals for this period are 3 for Canadiens vs 1 for Devils.
Shots for this period are 12 for Canadiens vs 11 for Devils.

2nd period


0:01 of 2nd period - Greg Stewart wins face-off versus Scott Gomez in neutral zone.
0:12 of 2nd period - Wrist shot by Greg Stewart.
0:12 of 2nd period - Shot Blocked by Dmitry Kulikov.
0:14 of 2nd period - Slapshot by Luke Schenn.
0:14 of 2nd period - Stopped by Ryan Miller without a rebound.
0:15 of 2nd period - Jonathan Toews wins face-off versus Scott Gomez in Devils zone.
0:21 of 2nd period - Penalty to Jaden Schwartz is over, Jaden Schwartz is back on ice.
0:22 of 2nd period - Wrist shot by Greg Stewart.
0:22 of 2nd period - Goal by Greg Stewart - Canadiens : 4 - Devils : 1.
0:22 of 2nd period - Keith Kinkaid enters game.
0:23 of 2nd period - Jonathan Toews wins face-off versus Matt Duchene in neutral zone.
0:36 of 2nd period - Snap shot by Alexander Frolov.
0:36 of 2nd period - Stopped by Keith Kinkaid with a rebound.
0:38 of 2nd period - Snap shot by Jonathan Toews.
0:38 of 2nd period - Shot Misses the Net.
1:15 of 2nd period - Wrist shot by Dustin Boyd.
1:15 of 2nd period - Shot Misses the Net.
1:17 of 2nd period - Slapshot by Mark Stuart.
1:17 of 2nd period - Shot Misses the Net.
1:33 of 2nd period - Shayne Gostisbehere is hit by Alexander Frolov and loses puck.
1:44 of 2nd period - Snap shot by Kellan Lain.
1:44 of 2nd period - Shot Blocked by Mark Stuart.
1:58 of 2nd period - Snap shot by Greg Stewart.
1:58 of 2nd period - Stopped by Keith Kinkaid with a rebound.
2:12 of 2nd period - Snap shot by Dustin Boyd.
2:12 of 2nd period - Deflect By Scott Hartnell.
2:12 of 2nd period - Goal by Scott Hartnell - Canadiens : 5 - Devils : 1.
2:13 of 2nd period - Sidney Crosby wins face-off versus Jonathan Toews in neutral zone.
2:15 of 2nd period - Minor Penalty to Jaden Schwartz for High sticking.
2:16 of 2nd period - Scott Gomez wins face-off versus Jonathan Toews in Devils zone.
2:56 of 2nd period - Slapshot by Luke Schenn.
2:56 of 2nd period - Deflect By Alexander Frolov.
2:56 of 2nd period - Stopped by Keith Kinkaid with a rebound.
3:48 of 2nd period - Travis Hamonic is hit by Vitaly Vishnevsky and loses puck.
4:15 of 2nd period - Penalty to Jaden Schwartz is over, Jaden Schwartz is back on ice.
4:42 of 2nd period - Kevin Shattenkirk is hit by Enver Lisin and loses puck.
4:51 of 2nd period - Wrist shot by Matt Duchene.
4:51 of 2nd period - Shot Blocked by Shaone Morrisonn.
5:09 of 2nd period - Slapshot by Kellan Lain.
5:09 of 2nd period - Shot Misses the Net.
5:19 of 2nd period - Jordan Eberle is hit by Mark Stuart and loses puck.
6:23 of 2nd period - Scott Gomez is hit by Evgeny Dadonov and loses puck.
7:08 of 2nd period - Dmitry Kulikov is hit by Vitaly Vishnevsky.
7:26 of 2nd period - Matt Duchene is hit by Adam Pardy and loses puck.
7:43 of 2nd period - Kellan Lain is hit by Shaone Morrisonn.
8:07 of 2nd period - Steve Downie is hit by Travis Hamonic and loses puck.
8:48 of 2nd period - Snap shot by Matt Duchene.
8:48 of 2nd period - Shot Misses the Net.
8:50 of 2nd period - Slapshot by Tyler Cuma.
8:50 of 2nd period - Stopped by Henrik Lundqvist with a rebound.
9:12 of 2nd period - Jaden Schwartz is hit by Luke Schenn and loses puck.
10:03 of 2nd period - Icing by Kevin Shattenkirk.
10:04 of 2nd period - Evgeny Dadonov wins face-off versus Alexander Perezhogin in Devils zone.
10:09 of 2nd period - Snap shot by Steve Downie.
10:09 of 2nd period - Stopped by Keith Kinkaid with a rebound.
10:17 of 2nd period - Jonathan Toews is hit by Tyler Bozak and loses puck.
10:26 of 2nd period - Slapshot by Brandon Bollig.
10:26 of 2nd period - Stopped by Henrik Lundqvist with a rebound.
10:35 of 2nd period - Minor Penalty to Steve Downie for Roughing.
10:36 of 2nd period - Matt Duchene wins face-off versus Dustin Boyd in Canadiens zone.
11:11 of 2nd period - Wrist shot by Sidney Crosby.
11:11 of 2nd period - Shot Misses the Net.
11:27 of 2nd period - Tyler Cuma is hit by Mark Stuart and loses puck.
12:35 of 2nd period - Penalty to Steve Downie is over, Steve Downie is back on ice.
12:55 of 2nd period - Tyler Cuma is hit by Vitaly Vishnevsky and loses puck.
13:08 of 2nd period - Slapshot by Tyler Cuma.
13:08 of 2nd period - Shot Blocked by Vitaly Vishnevsky.
13:08 of 2nd period - Vitaly Vishnevsky from Canadiens is injured at 13:08 of 2nd period (Strained Left Knee).
13:09 of 2nd period - Sidney Crosby wins face-off versus Steve Downie in Canadiens zone.
13:20 of 2nd period - Backhand shot by Alexander Frolov.
13:20 of 2nd period - Shot Misses the Net.
13:22 of 2nd period - Slapshot by Luke Schenn.
13:22 of 2nd period - Shot Blocked by Shayne Gostisbehere.
13:24 of 2nd period - Backhand shot by Alexander Frolov.
13:24 of 2nd period - Shot Blocked by Shayne Gostisbehere.
13:26 of 2nd period - Slapshot by Luke Schenn.
13:26 of 2nd period - Stopped by Keith Kinkaid without a rebound.
13:27 of 2nd period - Matt Duchene wins face-off versus Frans Nielsen in Devils zone.
14:01 of 2nd period - Slapshot by Kellan Lain.
14:01 of 2nd period - Stopped by Henrik Lundqvist without a rebound.
14:02 of 2nd period - Sidney Crosby wins face-off versus Jonathan Toews in Canadiens zone.
14:59 of 2nd period - Snap shot by Frans Nielsen.
14:59 of 2nd period - Goal by Frans Nielsen - Canadiens : 6 - Devils : 1.
15:00 of 2nd period - Sidney Crosby wins face-off versus Jonathan Toews in neutral zone.
16:09 of 2nd period - Wrist shot by Travis Hamonic.
16:09 of 2nd period - Shot Misses the Net.
17:03 of 2nd period - Minor Penalty to Scott Gomez for Holding.
17:04 of 2nd period - Steve Downie wins face-off versus Anthony Stewart in Devils zone.
17:29 of 2nd period - Raphael Diaz is hit by Shayne Gostisbehere and loses puck.
19:03 of 2nd period - Penalty to Scott Gomez is over, Scott Gomez is back on ice.
19:37 of 2nd period - Marcel Goc is hit by Brandon Bollig and loses puck.
Goals for this period are 3 for Canadiens vs 0 for Devils.
Shots for this period are 9 for Canadiens vs 3 for Devils.

3rd period


0:01 of 3rd period - Sidney Crosby wins face-off versus Jonathan Toews in neutral zone.
0:14 of 3rd period - Snap shot by Sidney Crosby.
0:14 of 3rd period - Stopped by Henrik Lundqvist without a rebound.
0:15 of 3rd period - Frans Nielsen wins face-off versus Matt Duchene in Canadiens zone.
0:25 of 3rd period - Off-side.
0:26 of 3rd period - Sidney Crosby wins face-off versus Jonathan Toews in neutral zone.
0:57 of 3rd period - Wrist shot by Frans Nielsen.
0:57 of 3rd period - Stopped by Keith Kinkaid with a rebound.
1:03 of 3rd period - Slapshot by Kevin Shattenkirk.
1:03 of 3rd period - Shot Misses the Net.
1:21 of 3rd period - Scott Gomez is hit by Raphael Diaz and loses puck.
1:38 of 3rd period - Slapshot by Dmitry Kulikov.
1:38 of 3rd period - Stopped by Henrik Lundqvist with a rebound.
1:50 of 3rd period - Snap shot by Sidney Crosby.
1:50 of 3rd period - Deflect By Jordan Eberle.
1:50 of 3rd period - Stopped by Henrik Lundqvist with a rebound.
1:52 of 3rd period - Wrist shot by Colton Parayko.
1:52 of 3rd period - Shot Blocked by Enver Lisin.
1:54 of 3rd period - Slapshot by Colton Parayko.
1:54 of 3rd period - Shot Blocked by Adam Pardy.
1:56 of 3rd period - Slapshot by Sidney Crosby.
1:56 of 3rd period - Shot Misses the Net.
1:58 of 3rd period - Snap shot by Dmitry Kulikov.
1:58 of 3rd period - Deflect By Greg Stewart.
1:58 of 3rd period - Stopped by Henrik Lundqvist without a rebound.
1:59 of 3rd period - Jonathan Toews wins face-off versus Sidney Crosby in Canadiens zone.
2:06 of 3rd period - Backhand shot by Mark Stuart.
2:06 of 3rd period - Deflect By Jonathan Toews.
2:06 of 3rd period - Stopped by Keith Kinkaid with a rebound.
2:31 of 3rd period - Wrist shot by Matt Duchene.
2:31 of 3rd period - Shot Hit the Post.
2:49 of 3rd period - Luke Schenn is hit by Anthony Stewart and loses puck.
2:54 of 3rd period - Slapshot by Kevin Shattenkirk.
2:54 of 3rd period - Shot Misses the Net.
2:56 of 3rd period - Slapshot by Kevin Shattenkirk.
2:56 of 3rd period - Shot Misses the Net.
2:58 of 3rd period - Wrist shot by Kevin Shattenkirk.
2:58 of 3rd period - Stopped by Henrik Lundqvist without a rebound.
2:59 of 3rd period - Sidney Crosby wins face-off versus Jonathan Toews in Canadiens zone.
3:14 of 3rd period - Snap shot by Alexander Frolov.
3:14 of 3rd period - Stopped by Keith Kinkaid without a rebound.
3:15 of 3rd period - Frans Nielsen wins face-off versus Matt Duchene in Devils zone.
3:27 of 3rd period - Off-side.
3:28 of 3rd period - Sidney Crosby wins face-off versus Jonathan Toews in neutral zone.
3:36 of 3rd period - Shayne Gostisbehere and Jonathan Toews fight to a draw.
3:36 of 3rd period - Penalty to Shayne Gostisbehere for Fighting.
3:36 of 3rd period - Penalty to Jonathan Toews for Fighting.
3:37 of 3rd period - Sidney Crosby wins face-off versus Frans Nielsen in neutral zone.
3:48 of 3rd period - Backhand shot by Jaden Schwartz.
3:48 of 3rd period - Shot Misses the Net.
4:27 of 3rd period - Wrist shot by Viktor Arvidsson.
4:27 of 3rd period - Deflect By Matt Duchene.
4:27 of 3rd period - Shot Blocked by Adam Pardy.
4:27 of 3rd period - Puck is out of play.
4:28 of 3rd period - Matt Duchene wins face-off versus Frans Nielsen in Canadiens zone.
4:41 of 3rd period - Snap shot by Matt Duchene.
4:41 of 3rd period - Stopped by Henrik Lundqvist without a rebound.
4:42 of 3rd period - Sidney Crosby wins face-off versus Frans Nielsen in Canadiens zone.
4:43 of 3rd period - Snap shot by Jordan Eberle.
4:43 of 3rd period - Shot Blocked by Raphael Diaz.
4:53 of 3rd period - Snap shot by Sidney Crosby.
4:53 of 3rd period - Stopped by Henrik Lundqvist with a rebound.
4:57 of 3rd period - Snap shot by Jordan Eberle.
4:57 of 3rd period - Shot Misses the Net.
4:59 of 3rd period - Snap shot by Sidney Crosby.
4:59 of 3rd period - Goal by Sidney Crosby - Canadiens : 6 - Devils : 2.
5:00 of 3rd period - Sidney Crosby wins face-off versus Frans Nielsen in neutral zone.
5:04 of 3rd period - Minor Penalty to Frans Nielsen for Tripping.
5:05 of 3rd period - Matt Duchene wins face-off versus Dustin Boyd in Canadiens zone.
5:10 of 3rd period - Snap shot by Jordan Eberle.
5:10 of 3rd period - Shot Misses the Net.
5:20 of 3rd period - Snap shot by Kevin Shattenkirk.
5:20 of 3rd period - Stopped by Henrik Lundqvist with a rebound.
5:22 of 3rd period - Snap shot by Dmitry Kulikov.
5:22 of 3rd period - Stopped by Henrik Lundqvist with a rebound.
5:54 of 3rd period - Matt Duchene is hit by Luke Schenn and loses puck.
6:00 of 3rd period - Icing by Matt Duchene.
6:01 of 3rd period - Dustin Boyd wins face-off versus Matt Duchene in Devils zone.
6:09 of 3rd period - Icing by Viktor Arvidsson.
6:10 of 3rd period - Dustin Boyd wins face-off versus Sidney Crosby in Devils zone.
6:19 of 3rd period - Wrist shot by Jordan Eberle.
6:19 of 3rd period - Stopped by Henrik Lundqvist without a rebound.
6:20 of 3rd period - Matt Duchene wins face-off versus Dustin Boyd in Canadiens zone.
6:23 of 3rd period - Slapshot by Jordan Eberle.
6:23 of 3rd period - Shot Misses the Net.
7:04 of 3rd period - Penalty to Frans Nielsen is over, Frans Nielsen is back on ice.
7:14 of 3rd period - Wrist shot by Anthony Stewart.
7:14 of 3rd period - Shot Misses the Net.
7:21 of 3rd period - Minor Penalty to Colton Parayko for Roughing.
7:22 of 3rd period - Scott Gomez wins face-off versus Frans Nielsen in Devils zone.
7:48 of 3rd period - Snap shot by Greg Stewart.
7:48 of 3rd period - Stopped by Keith Kinkaid with a rebound.
8:30 of 3rd period - Scott Gomez is hit by Alexander Frolov and loses puck.
8:36 of 3rd period - Penalty to Shayne Gostisbehere is over, Shayne Gostisbehere is back on ice.
9:06 of 3rd period - Jonathan Toews is hit by Anthony Stewart and loses puck.
9:17 of 3rd period - Snap shot by Anthony Stewart.
9:17 of 3rd period - Stopped by Henrik Lundqvist with a rebound.
9:21 of 3rd period - Penalty to Colton Parayko is over, Colton Parayko is back on ice.
9:38 of 3rd period - Shaone Morrisonn is hit by Matt Duchene and loses puck.
10:17 of 3rd period - Slapshot by Scott Hartnell.
10:17 of 3rd period - Shot Misses the Net.
11:10 of 3rd period - Wrist shot by Kevin Shattenkirk.
11:10 of 3rd period - Deflect By Alexander Perezhogin.
11:10 of 3rd period - Shot Misses the Net.
11:10 of 3rd period - Puck is out of play.
11:11 of 3rd period - Tyler Bozak wins face-off versus David Jones in Canadiens zone.
11:33 of 3rd period - Greg Stewart is hit by Matt Duchene and loses puck.
12:02 of 3rd period - Wrist shot by Jonathan Toews.
12:02 of 3rd period - Stopped by Keith Kinkaid with a rebound.
12:16 of 3rd period - Wrist shot by Kellan Lain.
12:16 of 3rd period - Stopped by Henrik Lundqvist without a rebound.
12:17 of 3rd period - Dustin Boyd wins face-off versus Scott Gomez in Canadiens zone.
12:26 of 3rd period - Shayne Gostisbehere is hit by Luke Schenn and loses puck.
12:33 of 3rd period - Snap shot by Scott Hartnell.
12:33 of 3rd period - Stopped by Keith Kinkaid without a rebound.
12:34 of 3rd period - Jonathan Toews wins face-off versus Sidney Crosby in Devils zone.
12:51 of 3rd period - Snap shot by Steve Downie.
12:51 of 3rd period - Shot Misses the Net.
13:01 of 3rd period - Sidney Crosby is hit by Scott Hartnell and loses puck.
13:32 of 3rd period - Slapshot by Viktor Arvidsson.
13:32 of 3rd period - Stopped by Henrik Lundqvist without a rebound.
13:33 of 3rd period - Johnny Gaudreau wins face-off versus Jonathan Toews in Canadiens zone.
13:37 of 3rd period - Minor Penalty to Alexander Frolov for Tripping.
13:38 of 3rd period - Dustin Boyd wins face-off versus Matt Duchene in Canadiens zone.
14:12 of 3rd period - Snap shot by Sidney Crosby.
14:12 of 3rd period - Goal by Sidney Crosby - Canadiens : 6 - Devils : 3.
14:13 of 3rd period - Jonathan Toews wins face-off versus Sidney Crosby in neutral zone.
14:24 of 3rd period - Slapshot by Luke Schenn.
14:24 of 3rd period - Stopped by Keith Kinkaid with a rebound.
14:40 of 3rd period - Evgeny Dadonov is hit by Matt Duchene and loses puck.
15:05 of 3rd period - Slapshot by Frans Nielsen.
15:05 of 3rd period - Stopped by Keith Kinkaid without a rebound.
15:06 of 3rd period - Dustin Boyd wins face-off versus Scott Gomez in Devils zone.
15:07 of 3rd period - Slapshot by David Jones.
15:07 of 3rd period - Shot Blocked by Colton Parayko.
15:09 of 3rd period - Slapshot by David Jones.
15:09 of 3rd period - Deflect By Dustin Boyd.
15:09 of 3rd period - Stopped by Keith Kinkaid without a rebound.
15:10 of 3rd period - Sidney Crosby wins face-off versus Dustin Boyd in Devils zone.
15:10 of 3rd period - Sidney Crosby is hit by Scott Hartnell.
15:35 of 3rd period - Off-side.
15:36 of 3rd period - Jonathan Toews wins face-off versus Matt Duchene in neutral zone.
15:43 of 3rd period - Snap shot by Steve Downie.
15:43 of 3rd period - Deflect By Alexander Frolov.
15:43 of 3rd period - Shot Misses the Net.
15:43 of 3rd period - Puck is out of play.
15:44 of 3rd period - Sidney Crosby wins face-off versus Jonathan Toews in Devils zone.
15:49 of 3rd period - Snap shot by Alexander Frolov.
15:49 of 3rd period - Stopped by Keith Kinkaid with a rebound.
15:51 of 3rd period - Snap shot by Luke Schenn.
15:51 of 3rd period - Stopped by Keith Kinkaid with a rebound.
15:55 of 3rd period - Wrist shot by Jonathan Toews.
15:55 of 3rd period - Stopped by Keith Kinkaid with a rebound.
17:00 of 3rd period - Off-side.
17:01 of 3rd period - Steve Downie wins face-off versus Matt Duchene in neutral zone.
17:11 of 3rd period - Snap shot by Alexander Frolov.
17:11 of 3rd period - Shot Blocked by Tyler Cuma.
17:38 of 3rd period - Snap shot by Kellan Lain.
17:38 of 3rd period - Shot Hit the Post.
17:59 of 3rd period - Wrist shot by Scott Hartnell.
17:59 of 3rd period - Stopped by Keith Kinkaid without a rebound.
18:00 of 3rd period - Matt Duchene wins face-off versus Jonathan Toews in Devils zone.
18:05 of 3rd period - Luke Schenn is hit by Matt Duchene and loses puck.
18:38 of 3rd period - Backhand shot by Dustin Boyd.
18:38 of 3rd period - Stopped by Keith Kinkaid with a rebound.
19:15 of 3rd period - Snap shot by Jonathan Toews.
19:15 of 3rd period - Deflect By Alexander Frolov.
19:15 of 3rd period - Shot Misses the Net.
19:15 of 3rd period - Puck is out of play.
19:16 of 3rd period - Jonathan Toews wins face-off versus Scott Gomez in Devils zone.
19:19 of 3rd period - Snap shot by Alexander Frolov.
19:19 of 3rd period - Stopped by Keith Kinkaid without a rebound.
19:20 of 3rd period - Jonathan Toews wins face-off versus Scott Gomez in Devils zone.
Goals for this period are 0 for Canadiens vs 2 for Devils.
Shots for this period are 15 for Canadiens vs 15 for Devils.